 Dungeon Crawl Stone Soup version 0.23.2-1-ga50397a (webtiles) character file.

Game seed: 13560146879459595220

421 dengdeng the Chopper (level 6, -6/56 HPs)
             Began as a Minotaur Berserker on May 12, 2019.
             Was a Priest of Trog.
             Mangled by Sigmund
             ... wielding a +0 scythe
              (15 damage)
             ... on level 4 of the Dungeon on May 13, 2019.
             The game lasted 00:07:47 (3405 turns).

dengdeng the Chopper (Minotaur Berserker)           Turns: 3405, Time: 00:07:47

Health: -6/56      AC:  0    Str: 23    XL:     6   Next: 62%
Magic:  5/5        EV: 21    Int:  4    God:    Trog [***...]
Gold:   174        SH:  0    Dex: 15    Spells: 5/5 levels left

rFire    . . .     SeeInvis .   (weapon currently unavailable)
rCold    . . .     Gourm    .   (shield currently unavailable)
rNeg     . . .     Faith    .   (armour currently unavailable)
rPois    .         Spirit   .   (helmet currently unavailable)
rElec    .         Reflect  .   (cloak currently unavailable)
rCorr    .         Harm     .   (gloves currently unavailable)
MR       .....                  (boots currently unavailable)
Stlth    ++........             (no amulet)
HPRegen  0.18/turn              (ring currently unavailable)
MPRegen  0.09/turn              (ring currently unavailable)

@: bat-form (expiring), flying, studying Throwing, very quick
A: tiny, (retaliatory headbutt)
a: Berserk, Trog's Hand, Renounce Religion


You were on level 4 of the Dungeon.
You worshipped Trog.
Trog was most pleased with you.
You were hungry.
You were in bat-form.
You visited 1 branch of the dungeon, and saw 4 of its levels.

You collected 174 gold pieces.

Inventory:

Hand Weapons
 a - a +0 hand axe (melded)
Missiles
 h - 116 stones (quivered)
 s - 4 tomahawks
Armour
 l - a +0 chain mail (melded)
 r - a +0 pair of gloves (melded)
Wands
 b - a wand of acid (4)
 w - a wand of disintegration (14)
Scrolls
 d - a scroll of remove curse {unknown}
 e - 3 scrolls of enchant armour {unknown}
 g - 3 scrolls of blinking {unknown}
 i - 7 scrolls of identify {unknown}
 k - a scroll of noise {unknown}
 n - a scroll of magic mapping {unknown}
 o - 2 scrolls of fog {unknown}
 p - a scroll of teleportation {unknown}
Potions
 f - a potion of heal wounds {unknown}
 j - 2 potions of brilliance {unknown}
 m - a potion of lignification {unknown}
 q - 2 potions of berserk rage {unknown}
 u - a potion of degeneration {unknown}
Books
 v - a manual of Throwing
Comestibles
 c - 7 rations
 t - 11 chunks of flesh


   Skills:
 + Level 5.0 Fighting
 + Level 6.3 Axes
 * Level 5.2 Armour
 + Level 3.1 Dodging
 + Level 0.4 Stealth


You had 5 spell levels left.
You didn't know any spells.
Your spell library was empty.

Dungeon Overview and Level Annotations

Branches:
Dungeon (4/15)
 Temple: D:4-7

Altars:
Xom

Annotations:
D:4 Sigmund


Innate Abilities, Weirdness & Mutations

((You reflexively headbutt those who attack you in melee.))
((You have a pair of horns on your head.))


Message History

You bump into the rock wall.
You feel less confused. The orc wizard misses you. Something barely misses you.
You hit the orc wizard but do no damage.
The orc wizard is moderately wounded.
The orc wizard misses you. The orc wizard completely misses you.
Unknown command.
You hit the orc wizard but do no damage.
The orc wizard is moderately wounded.
The orc wizard closely misses you. Something misses you.
Unknown command.
You hit the orc wizard but do no damage.
The orc wizard is moderately wounded.
The orc wizard misses you.
Unknown command.
You hit the orc wizard but do no damage.
The orc wizard is moderately wounded.
Your transformation is almost over.
The orc wizard barely misses you. Something hits you!
You die...

# ### . ####. ...#####.
#..... .........#
####....#
#.........####....##...
##..........>).ob.......
..............{#########
#.........###.####
#...<.............
#................#
#................#
#....>...........#
#####..###).......
##....# #........


You could see an orc wizard.

Vanquished Creatures
  An ogre (D:4)
  The ghost of totalnoob the Shooter, a weakling CeHu (D:3)
  A bullfrog zombie (D:2)
  2 orc priests
  An iguana (D:4)
  An orc wizard (D:3)
  A hound skeleton (D:4)
  4 adders
  2 adder skeletons (D:4)
  5 dart slugs
  3 leopard geckos
  12 orcs
  A giant cockroach (D:2)
  3 hobgoblins
  3 jackals (D:1)
  A quokka (D:3)
  A ball python (D:1)
  9 bats
  7 frilled lizards
  9 goblins
  7 kobolds
  8 rats
83 creatures vanquished.

Notes
Turn   | Place    | Note
-------+----------+-------------------------------------------
     0 | D:1      | dengdeng the Minotaur Berserker began the quest for the
                  | Orb.
     0 | D:1      | Reached XP level 1. HP: 19/19 MP: 0/0
   264 | D:1      | Reached XP level 2. HP: 26/27 MP: 1/1
   271 | D:1      | Reached skill level 4 in Axes
   565 | D:1      | Reached ** piety under Trog
  1070 | D:2      | Reached XP level 3. HP: 33/33 MP: 2/2
  1165 | D:2      | Reached XP level 4. HP: 31/41 MP: 3/3
  1955 | D:3      | Reached skill level 5 in Axes
  1955 | D:3      | Reached XP level 5. HP: 5/47 MP: 4/4
  2678 | D:3      | Found a shimmering altar of Xom.
  2679 | D:3      | Found a shimmering altar of Xom.
  2679 | D:3      | Found a shimmering altar of Xom.
  2681 | D:3      | Reached *** piety under Trog
  2682 | D:3      | Found a shimmering altar of Xom.
  2697 | D:3      | Found a shimmering altar of Xom.
  2709 | D:3      | Noticed totalnoob's ghost (weakling CeHu)
  2710 | D:3      | Found a runed translucent door.
  2878 | D:3      | Killed totalnoob's ghost
  2954 | D:4      | Noticed an ogre
  2969 | D:4      | Killed an ogre
  2969 | D:4      | Reached skill level 5 in Armour
  2969 | D:4      | Reached XP level 6. HP: 20/55 MP: 5/5
  3265 | D:4      | Reached skill level 6 in Axes
  3368 | D:4      | Noticed Sigmund
  3374 | D:4      | Reached skill level 5 in Fighting
  3405 | D:4      | Mangled by Sigmund

Skill      XL: |  1  2  3  4  5  6 |
---------------+-------------------+-----
Axes           | 4 5 6 |  6.3
Fighting       | 4 5 |  5.0
Armour         | 3 5 |  5.2
Dodging        | 3 |  3.1
Stealth        | |  0.4

Action                   |  1- 3 |  4- 6 || total
-------------------------+-------+-------++-------
Melee: Hand axe          |    45 |   115 ||   160
       Headbutt          |     7 |    24 ||    31
       Unarmed           |       |    19 ||    19
Invok: Berserk           |       |     3 ||     3
  Eat: Chunk             |     1 |     9 ||    10
Armor: Animal skin       |    13 |     2 ||    15
       Chain mail        |       |    53 ||    53
Dodge: Dodged            |    39 |    85 ||   124
